 Dungeon Crawl Stone Soup version 0.31-a0-232-gb1c03b2570 (webtiles) character file.

Game seed: 17228592491075547437

137 Iich the Chopper (level 5, -11/47 HPs)
             Began as a Hill Orc Fighter on July 7, 2023.
             Mangled by an orc warrior
             ... wielding a +0 dire flail
              (17 damage)
             ... on level 4 of the Dungeon.
             The game lasted 00:04:04 (2367 turns).

Iich the Chopper (Hill Orc Fighter)                 Turns: 2367, Time: 00:04:04

Health: -11/47     AC:  9    Str: 19    XL:     5   Next: 20%
Magic:  5/5        EV:  9    Int:  8    God:
Gold:   121        SH:  4    Dex: 12    Spells: 4/4 levels left

rFire   . . .        a - +0 war axe
rCold   . . .        c - +0 buckler
rNeg    . . .        b - +0 scale mail
rPois   .            (no helmet)
rElec   .            (no cloak)
rCorr   .            u - +1 pair of gloves
SInv    .            (no boots)
Will    .....        (no amulet) Stlth
                     (no ring)
HPRegen 0.27/turn    (no ring)
MPRegen 0.09/turn

%: no passive effects
@: mighty
A: no striking features
a: no special abilities


You were on level 4 of the Dungeon.
You visited 1 branch of the dungeon, and saw 4 of its levels.

You collected 121 gold pieces.

Inventory:

Hand Weapons
 a - a +0 war axe (weapon)
Missiles
 i - 6 curare-tipped darts (quivered)
Armour
 b - a +0 scale mail (worn)
 c - a +0 buckler (worn)
 e - a +0 plate armour
 u - a +1 pair of gloves (worn)
Scrolls
 f - a scroll of identify {unknown}
 g - a scroll of fear
 m - a scroll of vulnerability {unknown}
 o - a scroll of enchant armour
 p - a scroll of noise {unknown}
 r - a scroll of immolation {unknown}
 s - a scroll of fog {unknown}
 t - a scroll of teleportation
Potions
 h - a potion of haste {unknown}
 j - a potion of enlightenment
 k - a potion of cancellation {unknown}
 l - a potion of ambrosia {unknown}
 n - a potion of berserk rage {unknown}
 q - a potion of brilliance {unknown}


   Skills:
 + Level 4.9 Fighting
 * Level 5.8 Axes
 - Level 3.2 Armour
 - Level 3.2 Shields


You had 4 spell levels left.
You didn't know any spells.
Your spell library contained the following spells:

 Spells                   Type           Power      Damage    Failure   Level
 Beastly Appendage        Tmut           0%         N/A       85%         1
 Wereblood                Tmut           0%         N/A       94%         2
 Call Canine Familiar     Summ           0%         N/A       99%         3
 Ozocubu's Armour         Ice            0%         N/A       99%         3
 Portal Projectile        Hex/Tloc       0%         N/A       99%         3
 Spider Form              Tmut/Pois      0%         N/A       99%         3
 Leda's Liquefaction      Hex/Erth       0%         N/A       100%        4
 Ozocubu's Refrigeration  Ice            0%         4d7       100%        7


Dungeon Overview and Level Annotations

Branches:
Dungeon (4/15)
 Temple: D:4-7

Altars:

Shops:
D:1 *:


Message History

You closely miss the adder. The adder bites you but does no damage.
The adder closely misses you.
You miss the adder. You block the adder's attack.
You barely miss the adder. The adder barely misses you.
The adder completely misses you.
You slash the adder!
You kill the adder!
Things that are here:
a +0 club; a +0 ring mail An orc comes into view.
It is wielding a +0 trident.
The orc shouts!
An orc warrior comes into view. It is wielding a +0 dire flail.
An orc comes into view. It is wielding a +0 club.
Found 6 boomerangs.
The orc warrior shouts!
The orc shouts!
The orc barely misses you. The orc barely misses you.
You feel very mighty all of a sudden. The orc barely misses you.
Okay, then.
You block the orc's attack.
The orc warrior hits you with a +0 dire flail!
* * * LOW HITPOINT WARNING * * *
You take 12 damage, and have 16/47 hp. !!!!--MASSIVE DAMAGE--!!!!
You slash the orc!
You kill the orc!
You closely miss the orc warrior.
The orc warrior hits you with a +0 dire flail.
* * * LOW HITPOINT WARNING * * *
You take 1 damage, and have 15/47 hp.
You slash the orc!
You kill the orc!
You hit the orc warrior.
The orc warrior hits you with a +0 dire flail!
* * * LOW HITPOINT WARNING * * *
You take 10 damage, and have 5/47 hp. !!!!--MASSIVE DAMAGE--!!!!
You completely miss the orc warrior.
The orc warrior is lightly wounded.
The orc warrior hits you with a +0 dire flail!
You die...

######## #.......
#.###### #.# # #.# ##
##.## ##. # ##...###..
#####.##########.###.#...
.(.....)@.......## ##))..
.......o######.## ##)).
..####### ...# #... ###.#
#.#. ... #.##. ... #.# #.
....# ..# #. .......# #.
... #>


You could see an orc warrior.

Vanquished Creatures
  A sleepcap (D:4)
  4 adders
  3 worms
  A dart slug (D:2)
  10 orcs
  5 bats
  2 endoplasms
  2 giant cockroaches (D:2)
  3 goblins
  3 hobgoblins
  4 jackals (D:3)
  4 kobolds
  2 quokkas (D:3)
  4 ball pythons
  3 frilled lizards
  A rat (D:3)
52 creatures vanquished.

Notes
Turn   | Place    | Note
-------+----------+-------------------------------------------
     0 | D:1      | Iich the Hill Orc Fighter began the quest for the Orb.
     0 | D:1      | Reached XP level 1. HP: 19/19 MP: 1/1
    47 | D:1      | Found Oska's Assorted Antiques.
   165 | D:1      | Found Joacainu's Book Shoppe.
   218 | D:1      | Reached skill level 3 in Axes
   345 | D:1      | Reached XP level 2. HP: 9/27 MP: 2/2
  1175 | D:2      | Reached skill level 4 in Axes
  1175 | D:2      | Reached XP level 3. HP: 29/33 MP: 3/3
  1728 | D:3      | Reached XP level 4. HP: 38/41 MP: 4/4
  1889 | D:3      | Reached skill level 5 in Axes
  2318 | D:4      | Reached XP level 5. HP: 27/47 MP: 5/5
  2358 | D:4      | Noticed an orc warrior
  2367 | D:4      | Mangled by an orc warrior

Illustrated notes

Levels and vault maps discovered:
D:1:      minmay_arrival_cross, layout_loops_ring, serial_shops,
          nicolae_shop_peninsula, shop
D:2:      layout_basic, amcnicky_mini_corridor_feature
D:3:      layout_loops_cross
D:4:      layout_loops_ring, ebering_ghost_rock_garden, gup_sewer_entry_spiral,
          minmay_bisected, uniq_robin

Skill      XL: |  1  2  3  4 |
---------------+-------------+-----
Axes           | 3 4 5 |  5.8
Fighting       | 4 |  4.9
Armour         | |  3.2
Shields        | |  3.2

Action                     |  1- 3 |  4- 6 || total
---------------------------+-------+-------++-------
  Melee: War axe           |   113 |    73 ||   186
    Use: Scroll            |     1 |     3 ||     4
         Potion            |     1 |     1 ||     2
 Armour: Scale mail        |    51 |    27 ||    78
  Dodge: Dodged            |    47 |    43 ||    90
  Block: Buckler           |    28 |    10 ||    38

Table legend: (Time is in decaauts)
 A = Elapsed time spent in this place.
 B = Non-inter-level travel time spent in this place.
 C = Inter-level travel time spent in this place.
 D = Time resting spent in this place.
 E = Time spent auto-exploring this place.
 F = Levels seen in this place.
 G = Mean time per level.
                   A        B        C        D        E       F      G
               +--------+--------+--------+--------+--------+-----+--------+
         Total |   2425 |   2343 |     82 |      0 |   1847 |   4 |  606.2 |
       Dungeon |   2425 |   2343 |     82 |      0 |   1847 |   4 |  606.2 |
               +--------+--------+--------+--------+--------+-----+--------+

Top non-repeatable levels by time:
     D:2: 927 daAuts
     D:1: 725 daAuts
     D:3: 680 daAuts
     D:4: 91 daAuts
